 Dungeon Crawl Stone Soup version 0.30-b1-2-g02819fbbbe (webtiles) character file.

Game seed: 15650627237587609431

2598 Metae the Shield-Bearer (level 9, -5/73 (80) HPs)
             Began as a Minotaur Fighter on July 3, 2023.
             Slain by a wight
             ... wielding a +0 morningstar of protection
              (13 damage)
             ... on level 6 of the Dungeon.
             The game lasted 00:09:15 (5278 turns).

Metae the Shield-Bearer (Minotaur Fighter)          Turns: 5278, Time: 00:09:15

HP:   -5/73 (80)    AC: 12    Str: 25    XL:     9   Next: 33%
MP:   8/8           EV: 11    Int:  5    God:
Gold: 240           SH:  5    Dex: 10    Spells: 8/8 levels left

rFire   . . .        a - +0 war axe
rCold   . . .        c - +0 buckler
rNeg    . . .        b - +0 scale mail
rPois   .            (helmet restricted)
rElec   .            (no cloak)
rCorr   .            (no gloves)
SInv    .            (no boots)
Will    .....        (no amulet) Stlth
                     f - +4 ring of protection
HPRegen 0.32/turn    y - ring of flight
MPRegen 0.11/turn

%: no passive effects
@: flying, drained
A: horns 2, retaliatory headbutt
a: no special abilities


You were on level 6 of the Dungeon.
You visited 1 branch of the dungeon, and saw 6 of its levels.

You collected 240 gold pieces.

Inventory:

Hand Weapons
 a - a +0 war axe (weapon)
Missiles
 g - 2 throwing nets (quivered)
 A - 22 poisoned darts
Armour
 b - a +0 scale mail (worn)
 c - a +0 buckler (worn)
 w - a +0 plate armour
Jewellery
 f - a +4 ring of protection (left hand)
 y - a ring of flight (right hand)
 E - a ring of ice
Wands
 t - a wand of acid (14)
 F - a wand of iceblast (2)
Scrolls
 h - a scroll of torment {unknown}
 i - 5 scrolls of teleportation {unknown}
 j - 4 scrolls of immolation {unknown}
 k - a scroll of vulnerability {unknown}
 m - 3 scrolls of identify {unknown}
 n - 2 scrolls of amnesia {unknown}
 o - 2 scrolls of noise {unknown}
 x - a scroll of magic mapping {unknown}
 z - a scroll of fear {unknown}
 C - a scroll of enchant armour {unknown}
 D - a scroll of fog {unknown}
 H - a scroll of poison {unknown}
 I - a scroll of enchant weapon {unknown}
Potions
 d - a potion of might
 e - 3 potions of invisibility {unknown}
 l - a potion of cancellation {unknown}
 p - a potion of degeneration {unknown}
 q - 2 potions of ambrosia {unknown}
 r - a potion of attraction {unknown}
 s - a potion of haste
 u - a potion of berserk rage {unknown}
 v - a potion of curing {unknown}
 B - 2 potions of flight {unknown}
 G - a potion of magic {unknown}


   Skills:
 + Level 7.7 Fighting
 + Level 7.2 Axes
 + Level 7.7 Armour
 + Level 6.0 Dodging
 + Level 7.8 Shields


You had 8 spell levels left.
You didn't know any spells.
Your spell library contained the following spells:

 Spells                   Type           Power      Damage    Failure   Level
 Kiss of Death            Conj/Necr      0%         2d5       78%         1
 Magic Dart               Conj           0%         1d3       78%         1
 Sandblast                Erth           0%         2d4       78%         1
 Call Imp                 Summ           0%         N/A       89%         2
 Passwall                 Tmut/Erth      0%         N/A       89%         2
 Searing Ray              Conj           0%         2d4       89%         2
 Confusing Touch          Hex            0%         N/A       98%         3
 Gell's Gravitas          Tloc           0%         N/A       98%         3
 Ignite Poison            Fire/Tmut/Pois 0%         N/A       98%         3
 Mephitic Cloud           Conj/Pois/Air  0%         N/A       98%         3
 Stone Arrow              Conj/Erth      0%         3d7       98%         3
 Teleport Other           Tloc           0%         N/A       98%         3
 Dispel Undead            Necr           0%         3d6       100%        4
 Fulminant Prism          Conj/Hex       0%         3d5       100%        4
 Sticky Flame             Conj/Fire      0%         2d3       100%        4
 Dispersal                Tloc           0%         N/A       100%        6
 Ignition                 Fire           0%         3d3       100%        8


Dungeon Overview and Level Annotations

Branches:
Dungeon (6/15)
 Temple: D:4-7

Altars:
Ashenzari
Kikubaaqudgha
Nemelex Xobeh
Okawaru
Wu Jian
Zin

Shops:
D:5 (


Innate Abilities, Weirdness & Mutations

You have a pair of horns on your head.
You reflexively headbutt those who attack you in melee.


Message History

You feel drained. You block the scorpion's attack.
You hit the wight. Your headbutt misses the wight.
The wight is lightly damaged.
You hit the scorpion but do no damage. The wight hits you but does no damage.
The scorpion stings you but does no damage.
You closely miss the wight.
You headbutt the wight, but do no damage.
The wight is lightly damaged.
You barely miss the scorpion. The wight hits you but does no damage.
The scorpion closely misses you.
You closely miss the wight.
The wight is lightly damaged.
You hit the scorpion.
You kill the scorpion!
You block the wight's attack. x2
Your Dodging skill increases to level 6!
You hit the wight but do no damage. Your headbutt misses the wight.
The wight is lightly damaged.
The wight hits you with a +0 morningstar of protection.
You barely miss the wight. Your headbutt misses the wight.
The wight is lightly damaged.
You block the wight's attack.
You slash the wight!
The wight is heavily damaged.
The wight hits you with a +0 morningstar of protection.
* * * LOW HITPOINT WARNING * * *
You feel drained.
* * * LOW HITPOINT WARNING * * *
You hit the wight. Your headbutt misses the wight.
The wight is severely damaged.
The wight hits you with a +0 morningstar of protection!
* * * LOW HITPOINT WARNING * * *
You hit the wight but do no damage. Your headbutt misses the wight.
The wight is severely damaged.
The wight hits you with a +0 morningstar of protection.
* * * LOW HITPOINT WARNING * * *
You hit the wight. Your headbutt misses the wight.
The wight is almost destroyed.
The wight hits you with a +0 morningstar of protection!
You die...

#.#....#.#...######....# #...
#.#.##.#>....+.........# #...
####.#....##....######.##.#######
..............<. #.####.###.#
.......#.########### #...#.#.#.#.
.........##........# ##..#.#)#.#.
.........##........######.###.###
................))......### ###.#
##..............@)..$... #..
#.........#####†z...... #..
#.........# #........ ###.
########### #........ #...
#........ #..[ #........ #...
###############... #.........
#.........


You could see a wight.

Vanquished Creatures
  Pikel (D:6)
  Sigmund (D:2)
  Eustachio (D:5)
  Menkaure (D:6)
  A water moccasin (D:5)
  2 black bears
  An orc warrior (D:6)
  A sky beast (D:6)
  An ogre (D:4)
  4 lemures
  A phantom (D:5)
  4 scorpions
  4 wights (D:6)
  A howler monkey (D:5)
  A hound (D:6)
  3 orc priests
  A gnoll bouda (D:6)
  Ijyb (D:5)
  2 iguanas
  3 orc wizards (D:6)
  Robin (D:5)
  11 gnolls
  7 adders
  2 ufetubi (D:6)
  2 worms (D:2)
  5 dart slugs
  12 orcs
  8 endoplasms
  3 giant cockroaches
  11 goblins
  8 hobgoblins
  5 jackals (D:2)
  2 quokkas (D:1)
  4 ball pythons
  10 bats
  4 frilled lizards
  4 kobolds
  8 rats
142 creatures vanquished.

Notes
Turn   | Place    | Note
-------+----------+-------------------------------------------
     0 | D:1      | Metae the Minotaur Fighter began the quest for the Orb.
     0 | D:1      | Reached XP level 1. HP: 19/19 MP: 0/0
    43 | D:1      | Reached XP level 2. HP: 27/27 MP: 1/1
   202 | D:1      | Reached skill level 1 in Dodging
   411 | D:1      | Reached XP level 3. HP: 33/33 MP: 2/2
   775 | D:2      | Noticed Sigmund
   790 | D:2      | Killed Sigmund
   791 | D:2      | Reached XP level 4. HP: 23/41 MP: 3/3
   791 | D:2      | Reached XP level 5. HP: 27/47 MP: 4/4
  1262 | D:2      | Found an ancient bone altar of Kikubaaqudgha.
  1656 | D:3      | Found an ancient bone altar of Kikubaaqudgha.
  1673 | D:3      | Found an iron altar of Okawaru.
  1676 | D:3      | Found a glowing silver altar of Zin.
  1679 | D:3      | Found an ornate altar of the Wu Jian Council.
  1987 | D:3      | Found a faded altar of an unknown god.
  2208 | D:4      | Reached XP level 6. HP: 55/55 MP: 5/5
  2214 | D:4      | Reached skill level 5 in Armour
  2214 | D:4      | Reached skill level 5 in Shields
  2215 | D:4      | Found a broken altar of Ashenzari.
  2256 | D:4      | Reached skill level 5 in Fighting
  2293 | D:4      | Reached XP level 7. HP: 23/61 MP: 6/6
  2737 | D:4      | Found a sparkling altar of Nemelex Xobeh.
  2853 | D:5      | Entered Level 5 of the Dungeon
  2971 | D:5      | Identified the +3 longbow "Irhemy" {flame, rF- Will+ rCorr}
  3016 | D:5      | Found Qeschebo's Weapon Shop.
  3035 | D:5      | Noticed Eustachio
  3132 | D:5      | Killed Eustachio
  3133 | D:5      | Reached skill level 5 in Axes
  3380 | D:5      | Reached XP level 8. HP: 22/70 MP: 7/7
  3946 | D:5      | Noticed Robin
  3947 | D:5      | Noticed Ijyb
  3972 | D:5      | Killed Robin
  3977 | D:5      | Killed Ijyb
  4181 | D:6      | Noticed Menkaure
  4186 | D:6      | Killed Menkaure
  4334 | D:6      | Noticed Pikel
  4347 | D:6      | Killed Pikel
  4348 | D:6      | Reached skill level 5 in Dodging
  4553 | D:6      | Reached XP level 9. HP: 68/79 MP: 8/8
  5278 | D:6      | Slain by a wight

Illustrated notes

Levels and vault maps discovered:
D:1:      roderic_dead_forest, layout_loops_ring
D:2:      minmay_inner_zag, layout_loops_cross, basic_altar, uniq_sigmund
D:3:      layout_basic, grunt_temple_overflow_cloverleaf,
          shapermc_ecumenical_altar_petra, minivault_26,
          nicolae_underground_beach
D:4:      layout_rooms, mainiacjoe_overflow_cross_hatched, nemelex_altar_shiori
D:5:      layout_basic, serial_shops, shop_statue, nicolae_goblin_pals,
          uniq_eustachio
D:6:      layout_basic, grunt_decor_resistance, uniq_menkaure, uniq_duvessa,
          uniq_pikel

Skill      XL: |  1  2  3  4  5  6  7  8  9 |
---------------+----------------------------+-----
Dodging        | 1 2 3 4 5 6 |  6.0
Armour         | 4 5 6 7 |  7.7
Fighting       | 4 5 6 7 |  7.7
Shields        | 4 5 6 7 |  7.8
Axes           | 3 4 5 6 7 |  7.2

Action                     |  1- 3 |  4- 6 |  7- 9 || total
---------------------------+-------+-------+-------++-------
  Melee: War axe           |    72 |    77 |   247 ||   396
         Headbutt          |     8 |    10 |    40 ||    58
         Unarmed           |       |       |     2 ||     2
 Armour: Scale mail        |    38 |    50 |   137 ||   225
  Dodge: Dodged            |    40 |    55 |   160 ||   255
  Block: Buckler           |    13 |    21 |    79 ||   113
